 Dungeon Crawl Stone Soup version 0.27.1-33-g824d729ab1 (webtiles) character file.

Game seed: 3793357209500763087

112 Gabide the Poker (level 5, -2/41 HPs)
             Began as a Human Monk on Dec 12, 2021.
             Was a Follower of Uskayaw.
             Slain by Grinder (7 damage)
             ... while paralysed by Grinder
             ... on level 3 of the Dungeon.
             The game lasted 00:05:26 (1852 turns).

Gabide the Poker (Human Monk)                       Turns: 1852, Time: 00:05:27

Health: -2/41      AC:  9    Str: 12    XL:     5   Next: 16%
Magic:  5/5        EV:  2    Int: 10    God:    Uskayaw [*.....]
Gold:   77         SH:  0    Dex: 16    Spells: 4/4 levels left

rFire    + . .     SeeInvis .   d - +0 trident
rCold    + . .     Faith    .   (no shield)
rNeg     . . .     Spirit   .   i - +0 ring mail
rPois    +         Reflect  .   (no helmet)
rElec    +         Harm     .   (no cloak)
rCorr    +         Rampage  .   (no gloves)
Will     .....                  (no boots)
Stlth    ++........             (no amulet)
HPRegen  0.13/turn              f - +4 ring of protection
MPRegen  0.09/turn              (no ring)

@: paralysed, resistant
A: no striking features
a: Renounce Religion, Stomp


You were on level 3 of the Dungeon.
You worshipped Uskayaw.
Uskayaw was noncommittal.
You visited 1 branch of the dungeon, and saw 3 of its levels.

You collected 77 gold pieces.

Inventory:

Hand Weapons
 a - a +0 spear
 d - a +0 trident (weapon)
Armour
 b - a +0 robe
 i - a +0 ring mail (worn)
Jewellery
 f - a +4 ring of protection (left hand)
Wands
 c - a wand of digging (3)
Potions
 g - a potion of cancellation {unknown}
 h - a potion of curing {unknown}
 j - a potion of mutation {unknown}
 n - a potion of flight


   Skills:
 + Level 3.4 Fighting
 + Level 4.1 Polearms
 + Level 0.3 Armour
 + Level 3.6 Dodging
 + Level 2.5 Stealth
 * Level 1.2 Invocations


You had 4 spell levels left.
You didn't know any spells.
Your spell library was empty.

Dungeon Overview and Level Annotations

Branches:
Dungeon (3/15)

Altars:
Uskayaw
Yredelemnul
Beogh

Annotations:
D:3 Grinder


Message History

Grinder hits you but does no damage.
You can move again.
Okay, then.
As you read the scroll labelled PODIGO GECIRRU, it crumbles to dust.
It is a scroll of identify.
n - a potion of flight Grinder hits you.
* * * LOW HITPOINT WARNING * * *
You writhe in agony.
* * * LOW HITPOINT WARNING * * *
Okay, then.
It was a potion of resistance.
You feel protected. Grinder barely misses you.
Grinder hits you but does no damage. Grinder gestures at you.
Pain shoots through your body!
* * * LOW HITPOINT WARNING * * *
As you read the scroll labelled HEPOSO ZOEK, it crumbles to dust.
You assume a fearsome visage.
Grinder is unaffected.
It was a scroll of fear.
It was a potion of ambrosia.
You are confused.
You feel invigorated.
You bump into the rock wall.
Grinder gestures at you. You resist with significant effort.
You feel less invigorated.
You feel less confused.
Grinder says, "My boss said I was rubbish.
His entrails said otherwise."
Grinder gestures at you.
You suddenly lose the ability to move!
Grinder gestures at you. Pain shoots through your body!
* * * LOW HITPOINT WARNING * * *
Grinder hits you.
* * * LOW HITPOINT WARNING * * *
You writhe in agony.
* * * LOW HITPOINT WARNING * * *
Grinder hits you!
You die...

###########
#######.........#
#.5...#.#######.#
#.###.#.# #.#
#######.###.#.# #####.##
..........#.#.# #......#
#######....5#.###.###..#
#.....@.....# #..#
#.....#.#######..####
##...##......>......#
##.##########.#.##.# #.#
#......# # #.#
#.##.####.## #+
#.#........#
#.#.######.# #.#.####


You could see Grinder.

Vanquished Creatures
  Terence (D:2)
  2 adders (D:2)
  2 worms
  2 dart slugs (D:1)
  6 endoplasms
  2 giant cockroaches
  3 goblins
  4 hobgoblins
  3 jackals (D:2)
  7 kobolds
  2 quokkas (D:2)
  7 ball pythons
  5 bats
  A frilled lizard (D:2)
  7 rats
54 creatures vanquished.

Notes
Turn   | Place    | Note
-------+----------+-------------------------------------------
     0 | D:1      | Gabide the Human Monk began the quest for the Orb.
     0 | D:1      | Reached XP level 1. HP: 18/18 MP: 1/1
   202 | D:1      | Reached XP level 2. HP: 24/24 MP: 2/2
   445 | D:1      | Reached XP level 3. HP: 29/29 MP: 3/3
   576 | D:1      | Found a faded altar of an unknown god.
   579 | D:1      | Became a worshipper of Uskayaw the Reveller
   579 | D:1      | Reached * piety under Uskayaw
   579 | D:1      | Reached ** piety under Uskayaw
   740 | D:2      | Reached *** piety under Uskayaw
   992 | D:2      | Noticed Terence
  1002 | D:2      | Reached XP level 4. HP: 26/35 MP: 4/4
  1029 | D:2      | HP: 2/52 [Terence (3)]
  1040 | D:2      | Killed Terence
  1041 | D:2      | Reached skill level 1 in Invocations
  1472 | D:2      | Found a basalt altar of Yredelemnul.
  1547 | D:2      | Reached XP level 5. HP: 39/41 MP: 5/5
  1548 | D:2      | Reached skill level 4 in Polearms
  1827 | D:3      | Noticed Grinder
  1831 | D:3      | Paralysed by Grinder for 3 turns
  1838 | D:3      | HP: 1/41 [Grinder/nerve-wracking pain (6)]
  1849 | D:3      | Paralysed by Grinder for 7 turns
  1852 | D:3      | Slain by Grinder

Illustrated notes

Levels and vault maps discovered:
D:1:      lightli_arrival_flooded_house, layout_rooms, serial_corexii_hall,
          corexii_hall_statues_x, corexii_hall_statues_t,
          corexii_hall_statues_deadend, hellmonk_ecumenical_altar_defaced_shrine
D:2:      layout_basic, basic_altar, kennysheep_generic_room_5, uniq_terence
D:3:      layout_loops_corners, chequers_serial_rivers_marsh, kennysheep_donut,
          uniq_grinder

Skill      XL: |  1  2  3  4  5 |
---------------+----------------+-----
Invocations    | 1 |  1.2
Polearms       | 4 |  4.1
Fighting       | |  3.4
Armour         | |  0.3
Dodging        | |  3.6
Stealth        | |  2.5

Action                   |  1- 3 |  4- 6 || total
-------------------------+-------+-------++-------
Melee: Trident           |    76 |    81 ||   157
Invok: Stomp             |       |     1 ||     1
       Line Pass         |       |     1 ||     1
  Use: Potion            |       |     5 ||     5
       Scroll            |       |     2 ||     2
 Stab: Sleeping          |     7 |     2 ||     9
       Confused          |       |     1 ||     1
Armor: Robe              |     9 |       ||     9
       Ring mail         |     4 |    28 ||    32
       Skin              |       |     9 ||     9
Dodge: Dodged            |    27 |    36 ||    63
